[Event "fics rated crazyhouse match"]
[Site "fics, Oklahoma City, OK USA"]
[Date "2000.01.06"]
[White "Firefly"]
[WhiteElo "2481"]
[Black "LSS"]
[BlackElo "2366"]
[TimeControl "180+0"]
[Result "0-1"]

1. e4 e6 2. Nc3 d5 3. exd5 exd5 4. Nf3 d4 5. Nb5 Nc6 6. Bc4 
P@e6 7. Qe2 Be7 8. d3 Nf6 9. Bf4 O-O 10. Nxc7 Bb4+ 11. Kf1 e5 
12. Nxa8 exf4 13. Rg1 Bg4 14. P@d2 Qxa8 15. R@g5 B@g6 16. P@e5 Nxe5 17. Rxe5 
P@e3 18. fxe3 fxe3 19. dxe3 dxe3 20. Rxe3 N@f4 21. N@f2 Nxe2 22. Rxe2 P@e4 
23. dxe4 Bxe4 24. P@c3 Bc5 25. P@d4 Be7 26. P@g5 Bexf3 27. gxf3 Bxf3 28. gxf6 
P@g2+ 29. Ke1 Q@f1+ 30. Rxf1 gxf1=Q+ 31. Kxf1 P@g2+ 32. Ke1 g1=Q+ 33. B@f1 Bxe2 
34. Bxe2 N@g2+ 35. Kd2 P@e3+ 36. Kd3 R@d2+ 37. Kc4 Qc8+ 38. Kb3 Qe6+ 39. Bc4 
R@b6+ 40. P@b4 Qxf6 41. B@e5 exf2 42. Bxf6 N@a5+ 43. Ka4 Bxf6 44. N@d5 Nxc4 
45. Bxc4 P@b5+ 46. Ka3 Qxa1 47. N@h6+ gxh6 48. Nxf6+ Rxf6 
{Firefly forfeits on time} 0-1

[Event "fics rated crazyhouse match"]
[Site "fics, Oklahoma City, OK USA"]
[Date "2000.01.06"]
[White "pminear"]
[WhiteElo "2343"]
[Black "dovijanic"]
[BlackElo "2199"]
[TimeControl "180+0"]
[Result "1-0"]

1. e4 e6 2. Nc3 Nc6 3. d4 Nf6 4. e5 Ng8 5. Nf3 d6 6. Bf4 
Nge7 7. Ne4 Ng6 8. Bg5 Be7 9. Bxe7 Qxe7 10. B@g5 Qd7 11. Bb5 B@d5 
12. Bxc6 Qxc6 13. N@f6+ Kf8 14. exd6 cxd6 15. Nxd5 exd5 16. P@f6 dxe4 17. fxg7+ 
Kxg7 18. B@f6+ Kg8 19. Bxh8 exf3 20. R@d8+ B@e8 21. Qxf3 P@e4 22. Qf6 N@h5 
23. Qxd6 Qxd6 24. Rxd6 Q@b4+ 25. P@c3 Qxd6 26. Be5 Nxe5 27. dxe5 P@d2+ 28. Bxd2 
{dovijanic forfeits on time} 1-0

[Event "fics rated crazyhouse match"]
[Site "fics, Oklahoma City, OK USA"]
[Date "2000.01.06"]
[White "LSS"]
[WhiteElo "2377"]
[Black "Firefly"]
[BlackElo "2470"]
[TimeControl "180+0"]
[Result "1-0"]

1. e4 e6 2. d4 Nc6 3. Nf3 Nf6 4. Bd3 d5 5. e5 Ne4 6. Nbd2 
Nxf2 7. Kxf2 Nxd4 8. Rf1 Nf5 9. Bxf5 exf5 10. Kg1 B@b6+ 11. Kh1 P@e4 
12. Ne1 P@f2 13. Nef3 exf3 14. Nxf3 Bfc5 15. Bg5 Be7 16. Bxe7 Qxe7 17. P@f6 
gxf6 18. exf6 Qxf6 19. B@e5 Qg6 20. Bxh8 Qxg2+ 21. Kxg2 P@h3+ 22. Kg3 f4+ 
23. Kxf4 B@e3+ 24. Ke5 N@g4+ 25. Kxd5 Be6+ 26. Ke4 f5+ 27. Kd3 P@e4+ 28. Kc3 
P@b4+ 29. Kxb4 Bec5+ 30. Kc3 Ba5+ 31. b4 Baxb4+ 32. Kb2 P@c3+ 33. Kb1 exf3 
34. P@d7+ Bxd7 35. P@f7+ Ke7 36. N@d5+ Kd6 37. Nxb4+ N@d2+ 38. Qxd2+ cxd2 39. Q@d5+ 
Ke7 40. B@h4+ P@f6 41. N@g8+ Rxg8 42. fxg8=N+ Kd8 43. R@b8+ Q@c8 44. B8xf6+ Nxf6 
45. Bxf6# 
{Firefly forfeits on time} 1-0

[Event "fics rated crazyhouse match"]
[Site "fics, Oklahoma City, OK USA"]
[Date "2000.01.06"]
[White "dovijanic"]
[WhiteElo "2194"]
[Black "pminear"]
[BlackElo "2348"]
[TimeControl "180+0"]
[Result "1-0"]

1. e4 e5 2. Bc4 Nc6 3. Nc3 Bc5 4. Nf3 Nf6 5. O-O d6 6. h3 
Nd4 7. d3 Bxh3 8. gxh3 P@e2 9. Nxe2 Nxf3+ 10. Kh1 N@d4 11. P@g2 Nxe2 
12. Qxe2 Nd4 13. Qd1 d5 14. exd5 Nxd5 15. Re1 P@e2 16. Rxe2 Nxe2 17. Qxe2 
R@e6 18. P@e3 N@f4 19. Qf3 Nxg2 20. Kxg2 Qg5+ 21. P@g3 P@c6 22. e4 
{pminear forfeits on time} 1-0

[Event "fics rated crazyhouse match"]
[Site "fics, Oklahoma City, OK USA"]
[Date "2000.01.06"]
[White "Firefly"]
[WhiteElo "2460"]
[Black "LSS"]
[BlackElo "2387"]
[TimeControl "180+0"]
[Result "1-0"]

1. e4 e6 2. Nc3 d5 3. exd5 exd5 4. Nf3 Nc6 5. Bb5 P@e6 6. d4 
Bb4 7. O-O Ne7 8. Bxc6+ Nxc6 9. N@h5 Rg8 10. Bg5 f6 11. Bd2 B@g4 
12. Ng3 Bxf3 13. Qxf3 Nxd4 14. Qh5+ Kf8 15. Qxh7 P@f3 16. B@h3 fxg2 17. Bxg2 
P@f3 18. Bh3 Bxc3 19. bxc3 N@e2+ 20. Nxe2 Nxe2+ 21. Kh1 N@f4 22. Bxf4 Nxf4 
23. N@g6+ Nxg6 24. Qxg6 B@g2+ 25. Bxg2 fxg2+ 26. Qxg2 N@f4 27. N@g6+ Nxg6 28. Qxg6 
N@f4 29. N@h7+ Ke7 30. N@h4 B@e4+ 31. Qxe4 dxe4 32. B@g3 Q@f3+ 33. Nxf3 exf3 
34. Bxf4 N@h4 35. B@a3+ N@d6 36. B@g3 g5 37. Bfxd6+ cxd6 38. Baxd6+ Kf7 39. N@h6+ 
Kg6 40. Q@f7+ Kxh6 41. N@g4# 
{LSS checkmated} 1-0

[Event "fics rated crazyhouse match"]
[Site "fics, Oklahoma City, OK USA"]
[Date "2000.01.06"]
[White "LSS"]
[WhiteElo "2381"]
[Black "Firefly"]
[BlackElo "2466"]
[TimeControl "180+0"]
[Result "0-1"]

1. e4 e6 2. d4 Nc6 3. Nf3 d5 4. e5 Nge7 5. Be2 Nf5 6. O-O 
Be7 7. c3 O-O 8. Be3 f6 9. exf6 Bxf6 10. Nbd2 P@e4 11. Ne1 e5 
12. dxe5 Nxe5 13. Bh5 g6 14. P@g4 Nh4 15. P@f4 gxh5 16. fxe5 Bxg4 17. exf6 
Rxf6 18. f3 exf3 19. Ndxf3 Nxf3+ 20. Nxf3 P@g7 21. B@g5 P@e4 22. Bxf6 Qxf6 
23. P@g5 Qf7 24. N@e5 Qe7 25. Nxg4 hxg4 26. Qxd5+ B@f7 27. Qxb7 B@d5 28. N@f5 
Qe8 29. Qxc7 exf3 30. B@d3 fxg2 31. R@h4 gxf1=Q+ 32. Bxf1 R@h1+ 33. Kf2 N@e4+ 
34. Ke1 N@g2+ 35. Ke2 Bc4+ 36. P@d3 P@f3+ 37. Kd1 Rxf1+ 38. Kc2 P@b3# 
{LSS forfeits on time} 0-1

[Event "fics rated crazyhouse match"]
[Site "fics, Oklahoma City, OK USA"]
[Date "2000.01.06"]
[White "Firefly"]
[WhiteElo "2472"]
[Black "LSS"]
[BlackElo "2375"]
[TimeControl "180+0"]
[Result "1-0"]

1. e4 e6 2. Nc3 Nc6 3. Nf3 Nf6 4. e5 Nd5 5. Nxd5 exd5 6. d4 
d6 7. Bb5 Bd7 8. Qe2 Be7 9. N@h5 Rg8 10. exd6 cxd6 11. P@f6 P@e4 
12. Nxg7+ Kf8 13. Bh6 Bxf6 14. Ne6+ Ke7 15. Nxd8 Raxd8 16. Bxc6 bxc6 17. P@e5 
dxe5 18. dxe5 Bxe5 19. Nxe5 B@f6 20. P@d6+ Kxd6 21. N@c4+ dxc4 22. Nxc4+ Ke7 
23. Qxe4+ Be6 24. B@b4+ P@d6 25. P@c7 P@d5 26. cxd8=Q+ Rxd8 27. Bxd6+ Rxd6 28. Q@f8+ 
Kd7 29. Qxd6+ Ke8 30. R@f8# 
{LSS checkmated} 1-0

[Event "fics rated crazyhouse match"]
[Site "fics, Oklahoma City, OK USA"]
[Date "2000.01.06"]
[White "LSS"]
[WhiteElo "2369"]
[Black "Firefly"]
[BlackElo "2478"]
[TimeControl "180+0"]
[Result "1-0"]

1. e4 e6 2. d4 Nf6 3. Bg5 h6 4. Bxf6 Qxf6 5. Nf3 Nc6 6. e5 
Qg6 7. Nc3 Bb4 8. N@b5 B@a5 9. a3 Bxc3+ 10. Nxc3 N@f4 11. B@g3 Nd5 
12. Bd3 Qh5 13. O-O Bxc3 14. bxc3 Nxc3 15. Qe1 Nd5 16. c4 Qxf3 17. B@e4 
Qh5 18. cxd5 exd5 19. N@f4 Qg5 20. Nxd5 O-O 21. f4 Qh5 22. P@e7 Re8 
23. Nxc7 Rxe7 24. Nxa8 Nxd4 25. P@h7# 
{Firefly resigns} 1-0

[Event "fics rated crazyhouse match"]
[Site "fics, Oklahoma City, OK USA"]
[Date "2000.01.06"]
[White "Firefly"]
[WhiteElo "2468"]
[Black "LSS"]
[BlackElo "2379"]
[TimeControl "180+0"]
[Result "1-0"]

1. e4 e6 2. Nc3 Nc6 3. d4 Nf6 4. e5 Nd5 5. Nxd5 exd5 6. Nf3 
Bb4+ 7. c3 Be7 8. Bd3 d6 9. N@h5 Bf8 10. Qe2 dxe5 11. Nxe5 P@e4 
12. Bb5 Bd7 13. Nxd7 Qxd7 14. Bxc6 Qxc6 15. B@b5 N@c2+ 16. Kf1 B@d7 17. Bxc6 
bxc6 18. P@b7 Rb8 19. Q@a8 Rxa8 20. bxa8=Q+ N@d8 21. Bg5 f6 22. Bxf6 gxf6 
23. Nxf6+ Ke7 24. N@g8+ Rxg8 25. Nxg8+ Kf7 26. Qxd8 B@d3 
{LSS resigns} 1-0

[Event "fics rated crazyhouse match"]
[Site "fics, Oklahoma City, OK USA"]
[Date "2000.01.06"]
[White "LSS"]
[WhiteElo "2373"]
[Black "Firefly"]
[BlackElo "2474"]
[TimeControl "180+0"]
[Result "1/2-1/2"]

1. e4 e6 2. d4 Nc6 3. Nf3 Nf6 4. Bg5 h6 5. Bxf6 Qxf6 6. Be2 
B@f4 7. O-O Qg6 8. Nc3 Bb4 9. N@h4 Qf6 10. e5 Qe7 11. Nb5 d6 
12. exd6 cxd6 13. c3 Ba5 14. P@e5 P@c7 15. exd6 cxd6 16. P@e5 P@c7 17. exd6 
cxd6 18. P@e5 P@c7 19. exd6 cxd6 
{Game drawn by mutual agreement} 1/2-1/2

[Event "fics rated crazyhouse match"]
[Site "fics, Oklahoma City, OK USA"]
[Date "2000.01.06"]
[White "Firefly"]
[WhiteElo "2472"]
[Black "LSS"]
[BlackElo "2375"]
[TimeControl "180+0"]
[Result "1-0"]

1. e4 e6 2. Nc3 Nc6 3. d4 Nf6 4. e5 Nd5 5. Nxd5 exd5 6. Nf3 
b6 7. Bd3 Bb7 8. Qe2 Qe7 9. Bg5 Qb4+ 10. c3 Qa5 11. O-O N@e6 
12. Bh4 h6 13. Bf5 Ba6 14. Qd2 Ncxd4 15. Nxd4 Nxd4 16. Bxd7+ Kxd7 17. e6+ 
fxe6 18. N@e5+ Kc8 19. P@d7+ Kb7 20. b4 N@e2+ 21. Kh1 Bxb4 22. cxb4 B@e4 
23. f3 P@d6 24. bxa5 dxe5 25. B@c8+ Raxc8 26. dxc8=Q+ Rxc8 27. Q@d7 B@c6 28. Qxc8# 
{LSS resigns} 1-0

[Event "fics rated crazyhouse match"]
[Site "fics, Oklahoma City, OK USA"]
[Date "2000.01.06"]
[White "LSS"]
[WhiteElo "2369"]
[Black "Firefly"]
[BlackElo "2478"]
[TimeControl "180+0"]
[Result "1-0"]

1. e4 e6 2. d4 Nf6 3. e5 Ne4 4. Bd3 d5 5. Nf3 Nc6 6. O-O 
Be7 7. Qe2 f5 8. exf6 Nxf6 9. Bb5 O-O 10. Bxc6 bxc6 11. P@h6 gxh6 
12. Bxh6 B@h5 13. Bxf8 Bxf8 14. N@e5 P@f7 15. Nxc6 Qe8 16. P@g5 Ne4 17. Qxe4 
dxe4 18. N@f6+ Kh8 19. R@g8# 
{Firefly checkmated} 1-0

[Event "fics rated crazyhouse match"]
[Site "fics, Oklahoma City, OK USA"]
[Date "2000.01.06"]
[White "Firefly"]
[WhiteElo "2468"]
[Black "LSS"]
[BlackElo "2379"]
[TimeControl "180+0"]
[Result "1-0"]

1. e4 e6 2. Nc3 Nc6 3. Nf3 d6 4. d4 Nge7 5. d5 Nb4 6. Bb5+ 
c6 7. dxc6 bxc6 8. Be2 Na6 9. e5 Ng6 10. Bg5 P@f6 11. exf6 gxf6 
12. P@h6 Rg8 13. P@g7 Be7 14. Bc1 Rb8 15. Rb1 Nc7 16. O-O e5 17. Re1 
f5 18. Bf1 P@g4 19. Nd2 Bg5 20. Nc4 Be7 21. b3 Be6 22. Ba3 Bxc4 
23. bxc4 Rxb1 24. Qxb1 R@b6 25. B@b3 Bg5 26. c5 dxc5 27. Bxc5 Bxh6 28. P@d6 
Bxg7 29. dxc7 Qxc7 30. Bxb6 axb6 31. R@a8+ B@b8 32. N@a6 Qb7 33. Rxb8+ Qxb8 
34. Nxb8 R@d8 35. B@d7+ Kf8 36. Q@c7 Bf6 37. Bxf5 Nf4 38. Qxf7# 
{LSS checkmated} 1-0

[Event "fics rated crazyhouse match"]
[Site "fics, Oklahoma City, OK USA"]
[Date "2000.01.06"]
[White "LSS"]
[WhiteElo "2373"]
[Black "Firefly"]
[BlackElo "2474"]
[TimeControl "180+0"]
[Result "0-1"]

1. e4 e6 2. d4 d5 3. exd5 exd5 4. Bb5+ c6 5. Qe2+ P@e4 6. Nc3 
cxb5 7. Nxb5 Na6 8. Bf4 B@c4 9. Qxc4 dxc4 10. Ne2 Nf6 11. B@e5 Nd5 
12. Nec3 Nxf4 13. Bxf4 B@a5 14. O-O Bxc3 15. bxc3 Bh3 16. Rfe1 N@f3+ 17. Kh1 
Bxg2+ 18. Kxg2 Nxe1+ 19. Rxe1 Q@f3+ 20. Kf1 P@g2# 
{LSS resigns} 0-1

[Event "fics rated crazyhouse match"]
[Site "fics, Oklahoma City, OK USA"]
[Date "2000.01.06"]
[White "Firefly"]
[WhiteElo "2480"]
[Black "LSS"]
[BlackElo "2367"]
[TimeControl "180+0"]
[Result "1-0"]

1. e4 e6 2. Nc3 d5 3. exd5 exd5 4. Nf3 Nf6 5. Bb5+ c6 6. Qe2+ 
P@e4 7. P@g5 Ng8 8. Nxd5 Qxd5 9. Bc4 Qf5 10. Nh4 Qe5 11. g6 Nf6 
12. gxf7+ Kd8 13. d4 Qxd4 14. O-O P@h3 15. Bf4 Nbd7 16. P@c7+ Ke7 17. Nf5# 
{LSS checkmated} 1-0

[Event "fics rated crazyhouse match"]
[Site "fics, Oklahoma City, OK USA"]
[Date "2000.01.06"]
[White "LSS"]
[WhiteElo "2361"]
[Black "Firefly"]
[BlackElo "2485"]
[TimeControl "180+0"]
[Result "1-0"]

1. e4 Nf6 2. e5 Ne4 3. d3 Nxf2 4. Kxf2 d5 5. d4 Nc6 6. Bb5 
Bd7 7. Nc3 a6 8. Bxc6 Bxc6 9. Nf3 B@e4 10. N@g5 e6 11. Nxf7 Kxf7 
12. N@g5+ Ke8 13. Nxe6 N@g4+ 14. Kf1 Qe7 15. Nf4 P@f7 16. P@h3 Nh6 17. Qe2 
Nf5 18. P@e3 Rg8 19. Kf2 Qd7 20. Rf1 Be7 21. Kg1 g5 22. Nh5 Kd8 
23. Ne1 Rg6 24. Nxe4 dxe4 25. B@g4 N@h6 26. c4 Qc8 27. d5 Bd7 28. Bd2 
Bc5 29. b4 Be7 30. c5 a5 31. d6 Bf8 32. dxc7+ Qxc7 33. P@d6 Qc6 
34. bxa5 Qxc5 35. P@e7+ Nxe7 36. dxe7+ Bxe7 37. Rc1 Qd5 38. N@b6 Qxe5 39. Nxa8 
P@d3 40. Nxd3 exd3 41. P@c7+ Qxc7 42. Rxc7 dxe2 43. Rxd7+ Ke8 44. Rxe7+ Kxe7 
45. R@d7# 
{Firefly forfeits on time} 1-0

[Event "fics rated crazyhouse match"]
[Site "fics, Oklahoma City, OK USA"]
[Date "2000.01.06"]
[White "Firefly"]
[WhiteElo "2474"]
[Black "LSS"]
[BlackElo "2372"]
[TimeControl "180+0"]
[Result "1-0"]

1. e4 e6 2. Nc3 Ne7 3. d4 d5 4. Nf3 Nbc6 5. Bg5 h6 6. Bh4 
Qd7 7. exd5 exd5 8. Bb5 Qe6+ 9. P@e5 Bd7 10. Bxe7 Bxe7 11. N@f4 O-O 
12. Ncxd5 Nxe5 13. Nxe6 Nxf3+ 14. Qxf3 B@b4+ 15. Nxb4 Bxb4+ 16. B@c3 Bxc3+ 17. bxc3 
Bxe6 18. P@f6 N@g5 19. N@e7+ Kh7 20. B@d3+ P@g6 21. Qf4 gxf6 22. Qxf6 P@d2+ 
23. Kf1 P@e2+ 24. Bxe2 B@h8 25. P@g7 Bxg7 26. Qxg7+ Kxg7 27. P@f6+ Kxf6 28. Q@e5+ 
Kxe7 29. B@f6# 
{LSS checkmated} 1-0

[Event "fics rated crazyhouse match"]
[Site "fics, Oklahoma City, OK USA"]
[Date "2000.01.06"]
[White "LSS"]
[WhiteElo "2366"]
[Black "Firefly"]
[BlackElo "2480"]
[TimeControl "180+0"]
[Result "1-0"]

1. e4 e5 2. Bc4 Nc6 3. Nf3 Nf6 4. Ng5 d5 5. exd5 Nxd5 6. Nxf7 
Kxf7 7. Qf3+ N@f4 8. Bxd5+ P@e6 9. Bxc6 bxc6 10. d4 Bb4+ 11. P@c3 Qxd4 
12. Bxf4 exf4 13. N@g5+ Ke7 14. cxb4 B@d6 15. B@c3 Qc4 16. Nd2 Qb5 17. P@f6+ 
gxf6 18. Bxf6+ Kd7 19. N@c5+ Qxc5 20. bxc5 
{Firefly resigns} 1-0

[Event "fics rated crazyhouse match"]
[Site "fics, Oklahoma City, OK USA"]
[Date "2000.01.06"]
[White "Firefly"]
[WhiteElo "2469"]
[Black "LSS"]
[BlackElo "2377"]
[TimeControl "180+0"]
[Result "1-0"]

1. e4 e6 2. Nc3 Nc6 3. d4 Nf6 4. e5 Nd5 5. Nxd5 exd5 6. Nf3 
d6 7. Bb5 Bd7 8. Qe2 N@e6 9. Bxc6 bxc6 10. exd6 cxd6 11. P@f5 P@e4 
12. fxe6 Bxe6 13. Ng5 B@b5 14. Qh5 P@g6 15. Qd1 Be7 16. Nxe6 fxe6 17. N@c3 
N@h4 18. B@h3 Qd7 19. N@f4 Nxg2+ 20. Bxg2 O-O 21. Be3 Rxf4 22. Bxf4 Rf8 
23. Qd2 N@h4 24. Rg1 Nxg2+ 25. Rxg2 B@f3 26. Rg1 c5 27. dxc5 e5 28. cxd6 
exf4 29. dxe7 Qxe7 30. Nxd5 Qf7 31. N@e5 Qxd5 32. Qxd5+ B@f7 33. Qxf7+ Rxf7 
34. R@h8# 
{LSS resigns} 1-0

[Event "fics rated crazyhouse match"]
[Site "fics, Oklahoma City, OK USA"]
[Date "2000.01.06"]
[White "LSS"]
[WhiteElo "2371"]
[Black "Firefly"]
[BlackElo "2475"]
[TimeControl "180+0"]
[Result "0-1"]

1. e4 e5 2. Bc4 Nc6 3. Nf3 Bc5 4. Bxf7+ Kxf7 5. O-O Nf6 6. d3 
B@h5 7. Ng5+ Kf8 8. Qe1 h6 9. Nc3 hxg5 10. Bxg5 Bf3 11. P@h3 Bxg2 
12. Kxg2 d6 13. B@f5 Bxf5 14. exf5 P@g4 15. Bxf6 gxh3+ 16. Kf3 Nd4+ 17. Ke4 
d5+ 18. Nxd5 Qxd5+ 19. Ke3 B@f4# 
{LSS checkmated} 0-1

[Event "fics rated crazyhouse match"]
[Site "fics, Oklahoma City, OK USA"]
[Date "2000.01.06"]
[White "Firefly"]
[WhiteElo "2481"]
[Black "LSS"]
[BlackElo "2365"]
[TimeControl "180+0"]
[Result "1-0"]

1. e4 Nf6 2. Nc3 e6 3. e5 Nd5 4. Nxd5 exd5 5. Nf3 Nc6 6. d4 
Bb4+ 7. c3 Be7 8. Bd3 d6 9. N@h5 g6 10. exd6 gxh5 11. dxe7 Qxe7+ 
12. P@e5 P@e4 13. B@h4 Qd7 14. Bb5 N@g4 15. Bxc6 Qxc6 16. N@f6+ Nxf6 17. Bxf6 
Rg8 18. N@g7+ Kd7 19. e6+ Qxe6 20. Nxe6 exf3 21. Nc5+ Kc6 22. Qa4+ P@b5 
23. Qxb5+ Kxb5 24. Q@a4+ Kb6 25. P@a5# 
{LSS checkmated} 1-0

[Event "fics rated crazyhouse match"]
[Site "fics, Oklahoma City, OK USA"]
[Date "2001.01.06"]
[White "GusMcClain"]
[WhiteElo "2249"]
[Black "Perplexity"]
[BlackElo "2358"]
[TimeControl "60+0"]
[Result "0-1"]

1. e3 e5 2. d4 exd4 3. exd4 Nc6 4. Nf3 Qe7+ 5. Be2 P@g4 6. Ng5 
h6 7. Nxf7 Kxf7 8. O-O Nxd4 9. Bxg4 N@e2+ 10. Bxe2 Nxe2+ 11. Kh1 Qe4 
12. f3 Qe5 13. N@g4 Qe6 14. P@f5 Qe7 15. P@g6+ Ke8 16. P@f7+ Kd8 17. fxg8=Q 
Rxg8 18. N@f7+ Ke8 19. Nfxh6 Rh8 20. Nf7 Ng3+ 21. Kg1 P@e2 22. Qe1 exf1=R+ 
23. Qxf1 R@h1+ 24. Kf2 B@e1+ 25. Qxe1 Qxe1# 
{GusMcClain checkmated} 0-1

[Event "fics rated crazyhouse match"]
[Site "fics, Oklahoma City, OK USA"]
[Date "2001.01.06"]
[White "Perplexity"]
[WhiteElo "2364"]
[Black "GusMcClain"]
[BlackElo "2243"]
[TimeControl "60+0"]
[Result "1-0"]

1. e4 Nf6 2. Nc3 d5 3. exd5 Nxd5 4. d4 e6 5. Nxd5 Bb4+ 6. Nxb4 
Nc6 7. Bb5 Bd7 8. N@c5 Nxb4 9. Bxd7+ Qxd7 10. Nxd7 Kxd7 11. Q@b5+ B@c6 
12. Qxb4 Bxg2 13. N@e5+ Kd8 14. Nxf7+ Kc8 15. Nxh8 Bxh1 16. Qf8+ Kd7 17. R@f7+ 
Kc6 18. Qc5# 
{GusMcClain checkmated} 1-0

[Event "fics rated crazyhouse match"]
[Site "fics, Oklahoma City, OK USA"]
[Date "2001.01.06"]
[White "pminear"]
[WhiteElo "2467"]
[Black "GusMcClain"]
[BlackElo "2234"]
[TimeControl "60+0"]
[Result "1-0"]

1. e4 e6 2. Nc3 Ne7 3. d4 d5 4. e5 Nf5 5. Nh3 Nc6 6. Be3 
Bb4 7. Be2 Bxc3+ 8. bxc3 Nxe3 9. fxe3 N@e4 10. B@d2 B@b2 11. O-O Bxa1 
12. N@h5 Rg8 13. Bd3 Bb2 14. Bxe4 dxe4 15. Qg4 B@g6 16. N@f6+ gxf6 17. Nxf6+ 
Qxf6 18. exf6 Ba3 19. P@g7 N@h6 20. Qf4 Nf5 21. Qxc7 Nxg7 22. fxg7 Rxg7 
23. N@f6+ Kf8 24. Q@e8# 
{GusMcClain checkmated} 1-0

[Event "fics rated crazyhouse match"]
[Site "fics, Oklahoma City, OK USA"]
[Date "2001.01.06"]
[White "GusMcClain"]
[WhiteElo "2231"]
[Black "pminear"]
[BlackElo "2470"]
[TimeControl "60+0"]
[Result "0-1"]

1. e4 e5 2. Nf3 Nc6 3. Bc4 Bc5 4. O-O Nf6 5. d3 O-O 6. Bg5 
Be7 7. Nc3 d6 8. Bxf6 Bxf6 9. Nd5 B@h5 10. Nxf6+ Qxf6 11. N@g3 Bxf3 
12. gxf3 N@h3+ 13. Kh1 N@h4 14. B@e2 Nd4 15. B@g2 Nxg2 16. Kxg2 Nf4+ 17. Kh1 
B@g2+ 18. Kg1 Ndxe2+ 19. Nxe2 Nxe2+ 20. Qxe2 Bxf3 21. Qxf3 Qxf3 22. B@g2 N@h3+ 
23. Kh1 Q@g1+ 24. Rxg1 Nxf2# 
{GusMcClain checkmated} 0-1

[Event "fics rated crazyhouse match"]
[Site "fics, Oklahoma City, OK USA"]
[Date "2001.01.06"]
[White "pminear"]
[WhiteElo "2473"]
[Black "GusMcClain"]
[BlackElo "2228"]
[TimeControl "60+0"]
[Result "1-0"]

1. e4 e6 2. Nc3 Ne7 3. Nf3 d5 4. exd5 Nxd5 5. Nxd5 exd5 6. Bb5+ 
c6 7. Qe2+ P@e4 8. Ba4 Be6 9. Nd4 Be7 10. P@f5 N@f4 11. Qg4 Bxf5 
12. Nxf5 Ng6 13. Nxg7+ Kf8 14. B@h6 Kg8 15. P@e6 fxe6 16. Nxe6 P@f7 17. Nxd8 
Bf6 18. Q@e8# 
{GusMcClain checkmated} 1-0

[Event "fics rated crazyhouse match"]
[Site "fics, Oklahoma City, OK USA"]
[Date "2001.01.06"]
[White "GusMcClain"]
[WhiteElo "2225"]
[Black "pminear"]
[BlackElo "2476"]
[TimeControl "60+0"]
[Result "0-1"]

1. e4 e5 2. Nf3 Nc6 3. Bc4 Bc5 4. d3 Nf6 5. O-O O-O 6. Bg5 
Be7 7. Nc3 d6 8. Bxf6 Bxf6 9. h3 B@h5 10. N@g3 Bxf3 11. Qxf3 N@g5 
12. Qh5 Nd4 13. Nd5 Ndf3+ 14. gxf3 Bxh3 15. Nxf6+ Qxf6 16. N@d5 Nxf3+ 17. Qxf3 
Qxf3 18. Ne7+ Kh8 19. B@h1 Q@g2+ 20. Bxg2 Qxg2# 
{GusMcClain checkmated} 0-1

[Event "fics rated crazyhouse match"]
[Site "fics, Oklahoma City, OK USA"]
[Date "2001.01.06"]
[White "pminear"]
[WhiteElo "2479"]
[Black "GusMcClain"]
[BlackElo "2222"]
[TimeControl "60+0"]
[Result "1-0"]

1. e4 e6 2. Nc3 d5 3. exd5 exd5 4. Bb5+ c6 5. Be2 Nf6 6. d4 
Bb4 7. a3 Bxc3+ 8. bxc3 N@e4 9. Bf4 P@c7 10. B@e5 Nxc3 11. Bxc7 Nxd1 
12. Bxd8 Kxd8 13. P@c7+ Ke8 14. Q@d8# 
{GusMcClain checkmated} 1-0

[Event "fics rated crazyhouse match"]
[Site "fics, Oklahoma City, OK USA"]
[Date "2001.01.06"]
[White "GusMcClain"]
[WhiteElo "2219"]
[Black "pminear"]
[BlackElo "2482"]
[TimeControl "60+0"]
[Result "0-1"]

1. e4 e5 2. Nf3 Nc6 3. Bc4 Bc5 4. O-O Nf6 5. Nc3 O-O 6. d3 
Be7 7. Bg5 d6 8. h3 Nd4 9. Nxd4 exd4 10. Nb5 c6 11. Nxd4 Nxe4 
12. Bxe7 Qxe7 13. dxe4 B@e5 14. N@f5 Qf6 15. N@g4 Qg5 16. B@h4 Qf4 17. Bg3 
Qxe4 18. Re1 Bxg3 19. Rxe4 P@h2+ 20. Nxh2 Bxh2+ 21. Kxh2 Bxf5 22. Nxf5 B@f6 
23. P@h6 gxh6 24. Qg4+ P@g6 25. Nxh6+ Kh8 26. P@g7+ Kxg7 27. Nf5+ Kg8 28. Nh6+ 
Kh8 29. Nxf7+ Rxf7 30. Bxf7 N@h6 31. Qf3 P@g7 32. Bxg6 hxg6 33. Qxf6 gxf6 
34. P@g7+ Kxg7 35. Re7+ B@f7 36. Rxf7+ Nxf7 37. R@e7 N@h6 38. Rxf7+ Kxf7 39. Q@d7+ 
R@e7 40. B@e6+ Kf8 41. P@g7+ Rxg7 42. Qxg7+ Kxg7 43. R@f7+ Nxf7 44. P@h6+ Kf8 
45. h7 Ke7 46. Kg3 Kxe6 47. Kf3 Ke5 
{GusMcClain forfeits on time} 0-1

[Event "fics rated crazyhouse match"]
[Site "fics, Oklahoma City, OK USA"]
[Date "2000.01.07"]
[White "JKiller"]
[WhiteElo "2471"]
[Black "Gobi"]
[BlackElo "2339"]
[TimeControl "180+0"]
[Result "0-1"]

1. e4 e5 2. g3 Nc6 3. Bg2 Bc5 4. Ne2 Nf6 5. O-O h5 6. c3 
h4 7. gxh4 Rxh4 8. d4 exd4 9. cxd4 Bxd4 10. P@d5 Be5 11. P@g3 P@h3 
12. Bf3 Rxe4 13. dxc6 bxc6 14. Bxe4 Nxe4 15. R@h8+ B@f8 16. Rxh3 d5 17. Rh8 
P@f3 18. N@h7 Bd6 19. Re1 fxe2 20. Qxe2 N@f6 21. Nxf6+ Qxf6 22. P@g2 Ba6 
23. N@g4 Bxe2 24. Nxf6+ Nxf6 25. Rxe2+ P@e4 26. B@b7 N@d4 27. Q@e3 Q@d1+ 28. Re1 
N@f3+ 29. Kf1 Qxe1+ 30. Qxe1 R@g1# 
{JKiller checkmated} 0-1

[Event "fics rated crazyhouse match"]
[Site "fics, Oklahoma City, OK USA"]
[Date "2000.01.07"]
[White "Gobi"]
[WhiteElo "2350"]
[Black "JKiller"]
[BlackElo "2460"]
[TimeControl "180+0"]
[Result "1-0"]

1. e4 e5 2. Nf3 d6 3. Bc4 g6 4. d4 exd4 5. Qxd4 Qf6 6. Nc3 
Bg7 7. Bg5 Qxd4 8. Nxd4 P@e7 9. Ndb5 Na6 10. Nd5 Kd8 11. P@c3 h6 
12. Nxd6 cxd6 13. Bxa6 N@e6 14. Bb5 Bd7 15. Bxd7 Kxd7 16. B@a4+ B@c6 17. Bxc6+ 
bxc6 18. Q@b7+ B@c7 19. Qxa8 Nf6 20. Qxc6+ Kxc6 21. N@b4+ Kd7 22. B@c6+ Kd8 
23. Nxf6 Nc5 24. R@a8+ Q@b8 25. Rxb8+ Bxb8 26. N@b7+ Kc7 27. Nxc5 Q@c8 28. Nfd5+ 
Kd8 29. Bxe7# 
{JKiller checkmated} 1-0

[Event "fics rated crazyhouse match"]
[Site "fics, Oklahoma City, OK USA"]
[Date "2000.01.07"]
[White "JKiller"]
[WhiteElo "2450"]
[Black "Gobi"]
[BlackElo "2360"]
[TimeControl "180+0"]
[Result "1-0"]

1. e4 e5 2. g3 Nf6 3. Bg2 Bc5 4. Nc3 d6 5. Nh3 Bxh3 6. Bxh3 
Nc6 7. B@g2 h5 8. d3 N@g4 9. O-O Nxf2 10. Rxf2 P@g4 11. N@f5 Rh7 
12. Bg5 gxh3 13. Bxf6 Qxf6 14. Nd5 Bxf2+ 15. Kxf2 B@b6+ 16. Ke1 Qxf5 17. exf5 
B@f2+ 18. Ke2 hxg2 19. Q@g8+ N@f8 20. N@f6+ gxf6 21. Nxf6+ Ke7 22. Nd5+ Kd7 
23. P@e6+ fxe6 24. fxe6+ Nxe6 25. Qxh7+ R@g7 26. R@f7+ B@e7 27. Rxg7 Nxg7 28. Qxg7 
N@g1+ 29. Qxg1 Bxg1 30. N@f6+ Ke6 31. B@d7# 
{Gobi checkmated} 1-0

[Event "fics rated crazyhouse match"]
[Site "fics, Oklahoma City, OK USA"]
[Date "2000.01.07"]
[White "Gobi"]
[WhiteElo "2354"]
[Black "JKiller"]
[BlackElo "2456"]
[TimeControl "180+0"]
[Result "0-1"]

1. e4 e6 2. d4 d5 3. Nc3 Nc6 4. e5 f6 5. Nf3 fxe5 6. Nxe5 
Nxe5 7. dxe5 N@f7 8. P@d4 P@f6 9. Bf4 fxe5 10. dxe5 Ne7 11. P@h6 Ng6 
12. hxg7 Bxg7 13. P@f6 Bf8 14. Qd4 Rg8 15. N@h5 c5 16. Qd2 Nxf4 17. Nxf4 
Nxe5 18. Nh5 B@g5 19. N@g7+ Bxg7 20. Qxg5 N@f3+ 21. gxf3 Nxf3+ 22. Kd1 Nxg5 
23. Nxg7+ Kd7 24. N@e5+ Kc7 25. Nb5+ Kb8 26. B@e7 Qa5 27. B@d6+ P@c7 28. Bxc7+ 
Qxc7 29. Nxc7 B@a5 30. c3 
{Gobi forfeits on time} 0-1